 Dungeon Crawl Stone Soup version 0.21.1-1-g345015fe64 (webtiles) character file.

34 Gobser the Sneak (level 3, 0/26 HPs)
             Began as a Demonspawn Wanderer on May 17, 2018.
             Slain by a worm (11 damage)
             ... on level 2 of the Dungeon.
             The game lasted 00:05:00 (1452 turns).

Gobser the Sneak (Demonspawn Wanderer)              Turns: 1452, Time: 00:05:00

Health: 0/26       AC:  2    Str: 11    XL:     3   Next: 14%
Magic:  0/5        EV: 12    Int: 12    God:
Gold:   30         SH:  0    Dex: 15    Spells: 2/4 levels left

rFire    . . .     SeeInvis .   e - +1 dagger
rCold    . . .     Gourm    .   (no shield)
rNeg     . . .     Faith    .   d - +0 robe
rPois    .         Spirit   +   (no helmet)
rElec    .         Reflect  .   (no cloak)
rCorr    .         Harm     .   (no gloves)
MR       .....                  (no boots)
Stlth    ++........             (no amulet)
HPRegen  0.08/turn              (no ring)
MPRegen  0.09/turn              (no ring)

@: no status effects
A: magic shield
a: no special abilities


You were on level 2 of the Dungeon.
You were not hungry.

You visited 1 branch of the dungeon, and saw 2 of its levels.

You collected 30 gold pieces.

Inventory:

Hand Weapons
 e - a +1 dagger (weapon)
 g - a +0 dagger
Armour
 d - a +0 robe (worn)
Jewellery
 h - an uncursed ring of flight {unknown}
Potions
 c - a potion of lignification
Books
 a - a book of Necromancy

   Spells                             Type                      Level
   a - Pain                           Necromancy                   1
   b - Animate Skeleton               Necromancy                   1
   c - Vampiric Draining              Necromancy                   3
   d - Regeneration                   Charms/Necromancy            3
   e - Animate Dead                   Necromancy                   4
   f - Borgnjor's Vile Clutch         Necromancy/Earth             5
Comestibles
 b - 4 chunks of flesh
 f - 2 rations


   Skills:
 + Level 1.4 Fighting
 + Level 0.1(1.1) Short Blades
   Level 1.7(1.8) Long Blades
 + Level 1.5 Dodging
 + Level 2.4 Stealth
 + Level 1.4 Spellcasting
 + Level 1.4 Necromancy
   Level 1.0 Poison Magic
   Level 1.0 Evocations


You had 2 spell levels left.
You knew the following spells:

 Your Spells              Type           Power        Failure   Level  Hunger
a - Pain                  Necr           #...         16%         1    ##.....
b - Animate Skeleton      Necr           N/A          16%         1    ##.....


Dungeon Overview and Level Annotations

Branches:
Dungeon (2/15)

Altars:


Innate Abilities, Weirdness & Mutations

When hurt, damage is shared between your health and your magic reserves.


Message History

The ooze is almost dead.
The ooze hits you but does no damage. The worm closely misses you.
You hit the ooze but do no damage.
The ooze is almost dead.
The ooze hits you but does no damage.
You hit the ooze.
The ooze is almost dead.
The ooze hits you. The worm bites you.
You hit the ooze but do no damage.
The ooze is almost dead.
The ooze barely misses you.
You hit the ooze.
You kill the ooze!
The worm bites you!
You hit the worm.
The worm is lightly wounded.
You hit the worm.
The worm is moderately wounded.
The worm bites you!
You die...

#..# .. .. # #..#
.. ... ###.#..# .#
....+......# ..#
....##.###.#...#.#
..........<.......
.........####..#.#
.........+ .#
......w@.# ..
.........# ..
.........# #
.........#
##########


You could see a worm.

Vanquished Creatures
  An ooze (D:2)
  3 leopard geckos
  5 bats (D:1)
  2 giant cockroaches (D:1)
  A goblin (D:1)
  3 hobgoblins (D:1)
  2 jackals (D:1)
  3 kobolds (D:1)
  A frilled lizard (D:1)
  3 rats (D:1)
24 creatures vanquished.

Notes
Turn   | Place    | Note
-------+----------+-------------------------------------------
     0 | D:1      | Gobser the Demonspawn Wanderer began the quest for the Orb.
     0 | D:1      | Gobser set off with: a book of Necromancy, a scroll of teleportation, a potion of lignification, a +0 robe, a +0 dagger, a ration
     0 | D:1      | Reached XP level 1. HP: 15/15 MP: 2/2
     2 | D:1      | Learned a level 1 spell: Pain
     4 | D:1      | Learned a level 1 spell: Animate Skeleton
    76 | D:1      | Reached skill level 2 in Stealth
   305 | D:1      | Gained mutation: When hurt, damage is shared between your health and your magic reserves. [demonic ancestry]
   305 | D:1      | Reached XP level 2. HP: 21/21 MP: 3/3
  1436 | D:2      | Reached XP level 3. HP: 26/26 MP: 5/5
  1452 | D:2      | Slain by a worm

Skill      XL: |  1 |
---------------+----+-----
Stealth        | 2 |  2.4
Fighting       | |  1.4
Short Blades   | |  0.1
Long Blades    | |  1.7
Dodging        | |  1.5
Spellcasting   | |  1.4
Necromancy     | |  1.4
Poison Magic   | |  1.0
Evocations     | |  1.0

Action                   || total
-------------------------++-------
Melee: Dagger            ||   105
 Cast: Pain              ||    10
       Animate Skeleton  ||     3
  Use: Scroll            ||     3
 Stab: Sleeping          ||     2
  Eat: Ration            ||     1
Armor: Robe              ||    41
Dodge: Dodged            ||   107
